cohdb
Replays
Latest Replays
All Replays
Popular Replays
Top Player Replays
Match Explorer
How It Works
Community
CoH3 Stats
Reddit
Sign in to upload your games and track your stats! →
Sign in with Steam
Match 45926186
Unlisted
Match 45926186
Overview
Messages
Build Orders
End
Construct Weapon Support Center
Engineer Squad
M1919 Machine Gun Team
Bazooka Squad
M1919 Machine Gun Team
Bazooka Squad
Mechanized Support Center
M3 Armored Personnel Carrier
Construct Motor Pool
Construct Medical Station
M24 Chaffee Light Tank
M1919 Machine Gun Team
Designate Forward Repair Station
Engineer Squad
Construct Barracks
Improvised Armor
Riflemen Squad
M1918 Browning Automatic Rifles
Rapid Repairs
Engineer Squad
Selects Heavy Weapons
Selects M2HB .50cal Heavy Machine Gun
Selects Gallant Stand
Selects Black Dragon Artillery Barrage
Black Dragon Artillery Barrage
Riflemen Squad
Construct Tank Depot
Selects Assault Carriers
Selects Halftrack Strongpoints
.30 cal Machine Gun
M18 Hellcat Tank Destroyer
Salvage Crew
Engineer Squad
Black Dragon Artillery Barrage
猛牛
DirtyDan
milk
BaBaBuLuBaBear
CISS
Mesco
0
0
Comments
sign in to comment!
No comments posted yet!